 Dungeon Crawl Stone Soup version 0.25.1-2-g60ff931df9 (webtiles) character file.

Game seed: 14143189265984472744

1594 Acheron the Sneak (level 8, -10/48 HPs)
             Began as a Gargoyle Artificer on Aug 25, 2020.
             Was a Believer of Okawaru.
             Mangled by an orc warrior
             ... wielding a +0 scimitar
              (17 damage)
             ... on level 7 of the Dungeon.
             The game lasted 00:38:04 (6443 turns).

Acheron the Sneak (Gargoyle Artificer)              Turns: 6443, Time: 00:38:05

Health: -10/48     AC: 13    Str: 16    XL:     8   Next: 93%
Magic:  11/11      EV: 12    Int: 12    God:    Okawaru [**....]
Gold:   27         SH:  0    Dex: 12    Spells: 12/12 levels left

rFire    . . .     SeeInvis .   v - +0 war axe (curse)
rCold    . . .     Gourm    .   (no shield)
rNeg     + . .     Faith    .   m - +0 ring mail
rPois    ∞         Spirit   .   (no helmet)
rElec    +         Reflect  .   (no cloak)
rCorr    .         Harm     .   p - +1 pair of gloves
MR       .....                  (no boots)
Stlth    ++........             s - amulet of regeneration
HPRegen  0.56/turn              u - +4 ring of slaying
MPRegen  0.12/turn              (no ring)

@: no status effects
A: negative energy resistance 1, electricity resistance, unbreathing,
petrification resistance, rot immunity, AC +5
a: Heroism, Renounce Religion


You were on level 7 of the Dungeon.
You worshipped Okawaru.
Okawaru was pleased with you.
You were hungry.

You visited 2 branches of the dungeon, and saw 9 of its levels.

You collected 248 gold pieces.
You spent 221 gold pieces at shops.

Inventory:

Hand Weapons
 v - a cursed +0 war axe (weapon)
 x - a +0 halberd
 y - a +0 rapier
Missiles
 i - 87 stones
 j - 23 poisoned darts (quivered)
 q - 72 sling bullets
Armour
 b - a +0 leather armour
 m - a +0 ring mail (worn)
 p - a +1 pair of gloves (worn)
Jewellery
 s - an amulet of regeneration (around neck)
 u - a +4 ring of slaying (left hand)
Wands
 c - a wand of flame (15)
 d - a wand of enslavement (15)
 e - a wand of random effects (15)
 D - a wand of polymorph (8)
Scrolls
 a - 2 scrolls of identify
 t - a scroll of amnesia
 F - a scroll of enchant armour
Potions
 g - 5 potions of curing
 h - a potion of might
 k - 4 potions of ambrosia
 l - a potion of lignification {unknown}
 n - 3 potions of brilliance
 o - a potion of magic
 w - a potion of flight {unknown}
 z - a potion of mutation
 A - a potion of stabbing {unknown}
 B - a potion of haste {unknown}
 C - a potion of heal wounds
Comestibles
 f - 7 rations
 r - a chunk of flesh


   Skills:
 * Level 3.7 Fighting
 + Level 3.5 Short Blades
 * Level 3.6(3.8) Axes
 + Level 1.3(2.7) Polearms
 * Level 2.5 Throwing
 * Level 3.5 Armour
 * Level 3.2 Dodging
 * Level 4.0 Stealth
 * Level 2.5 Spellcasting
 * Level 2.0 Invocations
 * Level 3.8 Evocations


You had 12 spell levels left.
You didn't know any spells.
Your spell library was empty.

Dungeon Overview and Level Annotations

Branches:
Dungeon (8/15)             Temple (1/1) D:5
   Lair: D:8-11

Altars:
Gozag
Kikubaaqudgha
Makhleb
Nemelex Xobeh
Okawaru
Qazlal
Ru
Sif Muna
Trog
Zin
Lugonu

Shops:
D:3 *   D:6 (   D:8 *

Annotations:
D:2 exclusion: downstairs
D:4 1 transporter, 1 runed translucent door, Blork the orc; Crazy Yiuf; crabbadon's ghost, amateur GrEE
D:5 Sigmund
D:6 Grinder
D:7 exclusion: upstairs, Maggie


Innate Abilities, Weirdness & Mutations

You are resistant to torment.
Your stone body is resilient. (AC +5)
You are immune to poison.
You resist negative energy. (rN+)
You are resistant to electric shocks. (rElec)
You can survive without breathing.
You are immune to petrification.
You are immune to rotting.


Message History

You barely miss the wight.
Your adder barely misses the wight.
The wight hits you from afar with a +0 halberd of pain!
The wight zaps a wand.
You struggle to resist.
Your adder bites the wight but does no damage.
You hit the wight.
The wight is moderately damaged.
You barely miss the orc warrior. The orc warrior barely misses you.
The wight hits you but does no damage.
Your adder barely misses the wight.
The wight zaps a wand.
You struggle to resist.
The orc warrior hits you with a +0 scimitar.
* * * LOW HITPOINT WARNING * * *
You barely miss the wight.
The wight is moderately damaged.
You barely miss the orc warrior.
Your adder bites the wight but does no damage.
The wight hits you with a +1 scimitar.
* * * LOW HITPOINT WARNING * * *
The wight closely misses you.
Your adder barely misses the wight.
The orc warrior hits you with a +0 scimitar!
You die...

### ######.####
...........
#.##.....
##########.##.####
#Sz..zz.z........#
#z########.#.....#
#@# #.#..#### #o#
#...... #o#
#....#### #o#
###....#... #o#
.......#.## ...
........... ...
........... ...
.......>...
...##...##.


You could see an orc warrior, 2 wights, 3 orcs and a friendly adder (summoned).

Vanquished Creatures
  Eustachio (D:5)
  2 ice beasts (D:5)
  4 centaurs
  2 bullfrogs
  2 scorpions (D:8)
  3 wights (D:6)
  2 crimson imps (D:5)
  A centaur skeleton (D:4)
  3 orc priests
  2 bullfrog skeletons
  4 worker ants
  3 gnolls
  10 adders
  3 oozes
  An adder skeleton (D:4)
  5 worms
  2 dart slugs
  2 leopard geckos
  6 orcs
  7 giant cockroaches
  9 goblins
  9 hobgoblins
  12 jackals
  6 kobolds
  6 quokkas
  2 ball pythons
  9 bats
  11 frilled lizards
  10 rats
139 creatures vanquished.

Notes
Turn   | Place    | Note
-------+----------+-------------------------------------------
     0 | D:1      | Acheron the Gargoyle Artificer began the quest for the Orb.
     0 | D:1      | Reached XP level 1. HP: 12/12 MP: 2/2
   391 | D:1      | Reached XP level 2. HP: 14/16 MP: 4/4
   502 | D:1      | Reached skill level 1 in Short Blades
   867 | D:1      | Reached XP level 3. HP: 15/20 MP: 5/5
  1410 | D:2      | Reached XP level 4. HP: 26/26 MP: 6/6
  1689 | D:2      | Found an iron altar of Okawaru.
  1711 | D:2      | Became a worshipper of Warmaster Okawaru
  1789 | D:2      | Reached skill level 2 in Stealth
  1789 | D:2      | Reached skill level 1 in Spellcasting
  1789 | D:2      | Reached XP level 5. HP: 21/30 MP: 7/7
  2259 | D:3      | Reached skill level 1 in Armour
  2419 | D:2      | Found a burning altar of Makhleb.
  2419 | D:2      | Noticed a cacodemon
  2422 | D:2      | Noticed an orange demon
  2422 | D:2      | Noticed a hellwing
  2594 | D:2      | Reached skill level 1 in Throwing
  3523 | D:3      | Reached XP level 6. HP: 35/35 MP: 8/8
  3792 | D:4      | Found a transporter.
  3794 | D:4      | Noticed crabbadon's ghost (amateur GrEE)
  3858 | D:3      | Found an opulent altar of Gozag.
  3862 | D:3      | Found Gozag's Platinum Reserve.
  4540 | D:4      | Noticed Blork the orc
  4543 | D:5      | Entered Level 5 of the Dungeon
  4700 | D:5      | Noticed an ice beast
  4711 | D:5      | Killed an ice beast
  4711 | D:5      | Reached * piety under Okawaru
  4711 | D:5      | Reached XP level 7. HP: 35/40 MP: 9/9
  4893 | D:5      | Noticed Eustachio
  4951 | D:6      | Found Heghaa Unwa's Antique Weapon Boutique.
  4979 | D:5      | Reached skill level 3 in Stealth
  4982 | D:5      | Reached skill level 1 in Polearms
  5086 | D:4      | Found a runed translucent door.
  5087 | D:4      | Noticed Crazy Yiuf
  5254 | D:4      | You fall into a shaft and drop 2 floors!
  5430 | D:5      | Reached ** piety under Okawaru
  5430 | D:5      | Reached skill level 1 in Axes
  5430 | D:5      | Reached skill level 1 in Invocations
  5474 | D:5      | Killed Eustachio
  5474 | D:5      | Reached XP level 8. HP: 46/46 MP: 9/11
  5520 | D:5      | Found a staircase to the Ecumenical Temple.
  5526 | Temple   | Entered the Ecumenical Temple
  5607 | D:5      | Noticed Sigmund
  6107 | D:6      | Noticed Grinder
  6168 | D:7      | Found a shimmering blue altar of Sif Muna.
  6169 | D:7      | Noticed Maggie
  6214 | D:8      | Noticed a two-headed ogre
  6357 | D:8      | Found Caph's General Store.
  6360 | D:8      | Bought a scroll of identify for 26 gold pieces
  6360 | D:8      | Bought a potion of heal wounds for 65 gold pieces
  6360 | D:8      | Bought a wand of polymorph (8) for 130 gold pieces
  6439 | D:7      | Reached skill level 4 in Stealth
  6443 | D:7      | Mangled by an orc warrior

Illustrated notes

Levels and vault maps discovered:
D:1:      dpeg_arrival_simpleton_c, layout_loops_ring
D:2:      layout_loops_ring, makhleb_altar_promises_db, lemuel_doored_altar
D:3:      layout_basic, nicolae_gozag_zags_fifth_avenue, serial_bayou,
          serial_bayou_pond_c, serial_bayou_crossing, serial_bayou_pond_d,
          serial_bayou_pond_e, minmay_fractal_squares_diagonal_5
D:4:      cheibrodos_helix_gallery, layout_basic, gammafunk_ghost_stat_death,
          led_sif_pool, uniq_menkaure, uniq_crazy_yiuf_cottage,
          uniq_blork_the_orc
D:5:      layout_basic, lemuel_coloured_pillars_altar,
          minmay_temple_entry_proselytizer, first_ration, uniq_sigmund,
          uniq_eustachio
D:6:      layout_gridville, lemuel_round_altar, serial_shops,
          nicolae_shop_crystal, centaur_isle, uniq_grinder, uniq_pikel,
          uniq_edmund
D:7:      layout_basic, old_standard_altar, uniq_maggie
D:8:      layout_rooms, chequers_temple_overflow_statue_of_worship,
          old_standard_altar, lemuel_round_altar,
          nicolae_overflow_hidden_temple, serial_shops, nicolae_shop_stone,
          uniq_psyche, uniq_joseph
Temple:   corrupted_temple

Skill      XL: |  1  2  3  4  5  6  7  8 |
---------------+-------------------------+-----
Short Blades   | 1 2 3 |  3.5
Dodging        | 2 3 |  3.2
Stealth        | 2 3 4 |  4.0
Spellcasting   | 1 2 |  2.5
Evocations     | 3 |  3.8
Fighting       | 2 3 |  3.7
Armour         | 1 2 3 |  3.5
Throwing       | 1 2 |  2.5
Polearms       | 1 |  1.3
Axes           | 1 3 |  3.6
Invocations    | 1 2 |  2.0

Action                   |  1- 3 |  4- 6 |  7- 9 || total
-------------------------+-------+-------+-------++-------
Melee: Short sword       |   144 |   332 |       ||   476
       Halberd           |       |    34 |    30 ||    64
       War axe           |       |       |   171 ||   171
Throw: Dart              |       |     6 |     7 ||    13
  Use: Scroll            |     4 |     7 |     4 ||    15
 Stab: Sleeping          |     1 |     1 |       ||     2
  Eat: Chunk             |     2 |    11 |     2 ||    15
       Ration            |       |       |     1 ||     1
Armor: Leather armour    |    10 |       |       ||    10
       Ring mail         |    53 |   171 |   152 ||   376
Dodge: Dodged            |    87 |   210 |   178 ||   475
